TOP OF THE 1ST |
Birmingham Barons batting - Pitching for Trenton Stars : RHP Jesús Martínez
|
Pitching: RHP Jesús Martínez
|
|
Batting: SHB Tony Echevarría
|
0-0: Called Strike 0-1: Foul Ball, location: 2F 0-2: Strikes out looking
|
Batting: RHB Dave Dawson
|
0-0: Ball 1-0: Swinging Strike 1-1: Ball 2-1: Ground out 6-3 (Groundball, 6)
|
Batting: RHB Juan Jiménez
|
0-0: Ball 1-0: SINGLE (Groundball, 6MD)
|
Batting: LHB Chris Miller
|
0-0: Called Strike 0-1: Called Strike 0-2: Ball 1-2: Ball 2-2: Strikes out swinging
|
Top of the 1st over - 0 run(s), 1 hit(s), 0 error(s), 1 left on base; Birmingham 0 - Trenton 0 |
BOTTOM OF THE 1ST |
Trenton Stars batting - Pitching for Birmingham Barons : RHP Guillermo Lozano
|
Pitching: RHP Guillermo Lozano
|
|
Batting: SHB Nick Marshall
|
0-0: Called Strike 0-1: Ball 1-1: Ball 2-1: Ball 3-1: Ground out 2-3 (Groundball, 2R)
|
Batting: RHB Felipe Olivas
|
0-0: Ball 1-0: Called Strike 1-1: Swinging Strike 1-2: Foul Ball, location: 2F 1-2: Ground out 6-3 (Groundball, 6)
|
Batting: RHB Roberto Chávez
|
0-0: Ball 1-0: Fly out, F9 (Flyball, 9D)
|
Bottom of the 1st over - 0 run(s), 0 hit(s), 0 error(s), 0 left on base; Birmingham 0 - Trenton 0 |
TOP OF THE 2ND |
Birmingham Barons batting - Pitching for Trenton Stars : RHP Jesús Martínez
|
Batting: LHB José Rivera
|
0-0: Ball 1-0: Fly out, F7 (Line Drive, 78M)
|
Batting: RHB Peyton Yardley
|
0-0: Ball 1-0: SINGLE (Flyball, 78S)
|
Batting: LHB John Haney
|
0-0: Ball 1-0: Called Strike 1-1: Fly out, F7 (Flyball, 78M)
|
Batting: RHB Yujiro Kurihara
|
0-0: Ball 1-0: Ball 2-0: Fielders Choice at 2nd, 5-4 (Groundball, 56)
|
Top of the 2nd over - 0 run(s), 1 hit(s), 0 error(s), 0 left on base; Birmingham 0 - Trenton 0 |
BOTTOM OF THE 2ND |
Trenton Stars batting - Pitching for Birmingham Barons : RHP Guillermo Lozano
|
Batting: RHB Jesús Dávila
|
0-0: Ball 1-0: Ball 2-0: Called Strike 2-1: Ground out 5-3 (Groundball, 56)
|
Batting: RHB Chris Cole
|
0-0: Ball 1-0: Ground out 6-3 (Groundball, 6)
|
Batting: LHB Ju-wei Shiu
|
0-0: Ball 1-0: Called Strike 1-1: Ball 2-1: Foul Ball, location: 2F 2-2: Ball 3-2: Fly out, F8 (Flyball, 8LXD)
|
Bottom of the 2nd over - 0 run(s), 0 hit(s), 0 error(s), 0 left on base; Birmingham 0 - Trenton 0 |
TOP OF THE 3RD |
Birmingham Barons batting - Pitching for Trenton Stars : RHP Jesús Martínez
|
Batting: RHB Vicente Elías
|
0-0: Foul Ball, location: 2F 0-1: SOLO HOME RUN (Line Drive, 78XD), Distance : 419 ft
|
Batting: SHB Tony Echevarría
|
0-0: Foul Ball, location: 2F 0-1: Called Strike 0-2: DOUBLE (Groundball, 5L)
|
Batting: RHB Dave Dawson
|
0-0: Ball 1-0: Foul Ball, location: 2F 1-1: Foul Ball, location: 2F 1-2: Ground out 4-3 (Groundball, 4) Tony Echevarría to third
|
Batting: RHB Juan Jiménez
|
0-0: Called Strike 0-1: Ball 1-1: Ball 2-1: Ball 3-1: Base on Balls
|
Batting: LHB Chris Miller
|
0-0: Ball Passed Ball! Tony Echevarría scores Juan Jiménez to second 1-0: Ball 2-0: Called Strike 2-1: Reached on error, E4 (Groundball, 4) Juan Jiménez to third
|
Batting: LHB José Rivera
|
0-0: Ball 1-0: Foul Ball, location: 2F 1-1: Ball 2-1: Ball 3-1: Swinging Strike 3-2: Base on Balls Chris Miller to second
|
Batting: RHB Peyton Yardley
|
0-0: Ball 1-0: Ball 2-0: Ball 3-0: Called Strike 3-1: SINGLE (Line Drive, 34) Juan Jiménez scores Chris Miller to third José Rivera to second
|
Batting: LHB John Haney
|
0-0: Ball 1-0: Ball 2-0: Ball 3-0: Base on Balls Chris Miller scores José Rivera to third Peyton Yardley to second
|
Batting: RHB Yujiro Kurihara
|
0-0: Called Strike 0-1: Hit by Pitch José Rivera scores Peyton Yardley to third John Haney to second
|
Batting: RHB Vicente Elías
|
0-0: Ball 1-0: Swinging Strike 1-1: DOUBLE (Flyball, 7LM) Peyton Yardley scores John Haney scores Yujiro Kurihara to third
|
Pitching: RHP Bartolo Rodríguez
|
|
Batting: SHB Tony Echevarría
|
0-0: Ball 1-0: Ball 2-0: Called Strike 2-1: Ball 3-1: Foul Ball, location: 2F 3-2: Base on Balls
|
Batting: RHB Dave Dawson
|
0-0: Called Strike 0-1: Ball 1-1: Ball 2-1: SINGLE (Groundball, 56D) Yujiro Kurihara scores Vicente Elías to third Tony Echevarría to second
|
Batting: RHB Juan Jiménez
|
0-0: Called Strike 0-1: Foul Ball, location: 2F 0-2: Ball 1-2: Foul Ball, location: 2F 1-2: Ball 2-2: SINGLE (Groundball, 56D) Vicente Elías scores Tony Echevarría to third Dave Dawson to second Runner from 3rd tries for Home, SAFE, throw made home
|
Batting: LHB Chris Miller
|
0-0: Ball 1-0: Foul Ball, location: 2F 1-1: Swinging Strike 1-2: Ball 2-2: Ball 3-2: Strikes out swinging
|
Batting: LHB José Rivera
|
0-0: Fly out, F8 (Flyball, 8RM)
|
Top of the 3rd over - 10 run(s), 6 hit(s), 1 error(s), 2 left on base; Birmingham 10 - Trenton 0 |
BOTTOM OF THE 3RD |
Trenton Stars batting - Pitching for Birmingham Barons : RHP Guillermo Lozano
|
Batting: LHB Jeff Gordon
|
0-0: Ball 1-0: Foul Ball, location: 2F 1-1: Ball 2-1: Ground out U3 (Groundball, 34)
|
Batting: RHB Jonas Uttley
|
0-0: Ball 1-0: Foul Ball, location: 2F 1-1: Swinging Strike 1-2: Ball 2-2: Foul Ball, location: 2F 2-2: Strikes out looking
|
Batting: RHB Kenji Murayama
|
0-0: Ball 1-0: Ball 2-0: Ball 3-0: Base on Balls
|
Batting: SHB Nick Marshall
|
0-0: Ball 1-0: Foul Ball, location: 2F 1-1: Ball 2-1: Foul Ball, location: 2F 2-2: Fielders Choice at 2nd, 6-4 (Groundball, 6D)
|
Bottom of the 3rd over - 0 run(s), 0 hit(s), 0 error(s), 0 left on base; Birmingham 10 - Trenton 0 |
TOP OF THE 4TH |
Birmingham Barons batting - Pitching for Trenton Stars : RHP Bartolo Rodríguez
|
Batting: RHB Peyton Yardley
|
0-0: Ball 1-0: SINGLE (Flyball, 78S)
|
Batting: LHB John Haney
|
0-0: Ball 1-0: Called Strike 1-1: Reached on error, E4 (Groundball, 4) Peyton Yardley to second
|
Batting: RHB Yujiro Kurihara
|
0-0: Ball 1-0: Foul Ball, location: 2F 1-1: Swinging Strike 1-2: Strikes out looking
|
Batting: RHB Vicente Elías
|
0-0: Fielders Choice at 2nd, 6-4 (Groundball, 6) Peyton Yardley to third
|
Batting: SHB Tony Echevarría
|
0-0: Ball 1-0: SINGLE (Groundball, 34D) Peyton Yardley scores Vicente Elías to second Runner from 2nd tries for 3rd, OUT!
|
Top of the 4th over - 1 run(s), 2 hit(s), 1 error(s), 1 left on base; Birmingham 11 - Trenton 0 |
BOTTOM OF THE 4TH |
Trenton Stars batting - Pitching for Birmingham Barons : RHP Guillermo Lozano
|
Batting: RHB Felipe Olivas
|
0-0: Called Strike 0-1: Ground out U3 (Groundball, 3)
|
Batting: RHB Roberto Chávez
|
0-0: Foul Ball, location: 2F 0-1: Fly out, F2 (Popup, 5S)
|
Batting: RHB Jesús Dávila
|
0-0: Ground out 3-1 (Groundball, 34S)
|
Bottom of the 4th over - 0 run(s), 0 hit(s), 0 error(s), 0 left on base; Birmingham 11 - Trenton 0 |
TOP OF THE 5TH |
Birmingham Barons batting - Pitching for Trenton Stars : RHP Bartolo Rodríguez
|
Batting: RHB Dave Dawson
|
0-0: Ball 1-0: Ball 2-0: Called Strike 2-1: SINGLE (Flyball, 8LS)
|
Batting: RHB Juan Jiménez
|
0-0: Called Strike 0-1: Ball 1-1: Ball 2-1: Called Strike 2-2: Strikes out looking
|
Pitching: RHP Jonathan Booker
|
|
Batting: LHB Chris Miller
|
0-0: Called Strike 0-1: Ball 1-1: Grounds into double play, 6-4-3 (Groundball, 6)
|
Top of the 5th over - 0 run(s), 1 hit(s), 0 error(s), 0 left on base; Birmingham 11 - Trenton 0 |
BOTTOM OF THE 5TH |
Trenton Stars batting - Pitching for Birmingham Barons : RHP Guillermo Lozano
|
Batting: RHB Chris Cole
|
0-0: Ball 1-0: Ground out 5-3 (Groundball, 5S)
|
Batting: LHB Ju-wei Shiu
|
0-0: Ball 1-0: Ball 2-0: Swinging Strike 2-1: Ball 3-1: Foul Ball, location: 2F 3-2: Fly out, F8 (Flyball, 8LD)
|
Batting: LHB Jeff Gordon
|
0-0: Called Strike 0-1: Swinging Strike 0-2: Ball 1-2: Strikes out swinging
|
Bottom of the 5th over - 0 run(s), 0 hit(s), 0 error(s), 0 left on base; Birmingham 11 - Trenton 0 |
TOP OF THE 6TH |
Birmingham Barons batting - Pitching for Trenton Stars : RHP Jonathan Booker
|
Batting: LHB José Rivera
|
0-0: Ball 1-0: Foul Ball, location: 2F 1-1: Ball 2-1: Ball 3-1: Fly out, F9 (Line Drive, 9)
|
Batting: RHB Peyton Yardley
|
0-0: Called Strike 0-1: Swinging Strike 0-2: SINGLE (Line Drive, 6MD)
|
Batting: LHB John Haney
|
0-0: Ball 1-0: Ball 2-0: Ball 3-0: Called Strike 3-1: Swinging Strike 3-2: Strikes out looking Peyton Yardley steals 2nd base Batter strikes out.
|
Batting: RHB Yujiro Kurihara
|
0-0: Ball 1-0: Ball 2-0: Foul Ball, location: 2F 2-1: Called Strike 2-2: Strikes out swinging
|
Top of the 6th over - 0 run(s), 1 hit(s), 0 error(s), 1 left on base; Birmingham 11 - Trenton 0 |
BOTTOM OF THE 6TH |
Trenton Stars batting - Pitching for Birmingham Barons : RHP Guillermo Lozano
|
Batting: RHB Jonas Uttley
|
0-0: Called Strike 0-1: Swinging Strike 0-2: Ball 1-2: Strikes out swinging
|
Pinch Hitting: LHB Ricardo Brandariz
|
0-0: Called Strike 0-1: Ball 1-1: Foul Ball, location: 2F 1-2: Strikes out swinging
|
Batting: SHB Nick Marshall
|
0-0: SINGLE (Groundball, 4MD)
|
Pitching: RHP César Morín
|
|
Batting: RHB Felipe Olivas
|
0-0: Foul Ball, location: 2F 0-1: Swinging Strike 0-2: Foul Ball, location: 2F 0-2: Foul Ball, location: 2F 0-2: Hit by Pitch Nick Marshall to second
|
Batting: RHB Roberto Chávez
|
0-0: Fielders Choice at 2nd, 5-4 (Groundball, 56)
|
Bottom of the 6th over - 0 run(s), 1 hit(s), 0 error(s), 1 left on base; Birmingham 11 - Trenton 0 |
TOP OF THE 7TH |
Birmingham Barons batting - Pitching for Trenton Stars : RHP Jonathan Booker
|
Now at 3B: Gabriel MacNeill
|
|
Batting: RHB Vicente Elías
|
0-0: Ball 1-0: Ball 2-0: Called Strike 2-1: Called Strike 2-2: Strikes out swinging
|
Batting: SHB Tony Echevarría
|
0-0: Ball 1-0: Foul Ball, location: 2F 1-1: Ball 2-1: SINGLE (Line Drive, 6M)
|
Batting: RHB Dave Dawson
|
0-0: Called Strike 0-1: Ball 1-1: Ball 2-1: SINGLE (Groundball, 4MD) Tony Echevarría to second
|
Batting: RHB Juan Jiménez
|
0-0: Called Strike 0-1: Ball 1-1: Swinging Strike 1-2: SINGLE (Groundball, 6MD) Tony Echevarría to third Dave Dawson to second Runner from 3rd tries for Home, SAFE, no throw
|
Batting: LHB Chris Miller
|
0-0: Ball 1-0: Ball 2-0: Ball 3-0: Base on Balls Dave Dawson to third Juan Jiménez to second
|
Batting: LHB José Rivera
|
0-0: Ball 1-0: Called Strike 1-1: Swinging Strike 1-2: Fly out, F5 (Popup, 5S)
|
Pinch Hitting: RHB Eric Johnson
|
0-0: Ball 1-0: Ball 2-0: Ball 3-0: Base on Balls Dave Dawson scores Juan Jiménez to third Chris Miller to second
|
Batting: LHB John Haney
|
0-0: Fly out, F3 (Line Drive, 3L)
|
Top of the 7th over - 2 run(s), 3 hit(s), 0 error(s), 3 left on base; Birmingham 13 - Trenton 0 |
BOTTOM OF THE 7TH |
Trenton Stars batting - Pitching for Birmingham Barons : RHP César Morín
|
Now in LF: Eric Johnson
|
|
Batting: RHB Jesús Dávila
|
0-0: Ball 1-0: Ball 2-0: Ball 3-0: Called Strike 3-1: Foul Ball, location: 2F 3-2: Base on Balls
|
Batting: RHB Chris Cole
|
0-0: Fly out, F9 (Flyball, 9)
|
Batting: LHB Ju-wei Shiu
|
0-0: Swinging Strike 0-1: Called Strike 0-2: Ball 1-2: Ball 2-2: Ball 3-2: Strikes out swinging
|
Batting: LHB Jeff Gordon
|
0-0: Called Strike 0-1: Ball 1-1: Swinging Strike 1-2: Ball 2-2: Foul Ball, location: 2F 2-2: Ball 3-2: Strikes out swinging
|
Bottom of the 7th over - 0 run(s), 0 hit(s), 0 error(s), 1 left on base; Birmingham 13 - Trenton 0 |
TOP OF THE 8TH |
Birmingham Barons batting - Pitching for Trenton Stars : RHP Jonathan Booker
|
Pitching: RHP Denver Gallegos
|
|
Batting: RHB Yujiro Kurihara
|
0-0: Foul Ball, location: 2F 0-1: Ground out 3-1 (Groundball, 34)
|
Batting: RHB Vicente Elías
|
0-0: Fly out, F9 (Flyball, 89S)
|
Batting: SHB Tony Echevarría
|
0-0: Foul Ball, location: 2F 0-1: Swinging Strike 0-2: Foul Ball, location: 2F 0-2: Strikes out swinging
|
Top of the 8th over - 0 run(s), 0 hit(s), 0 error(s), 0 left on base; Birmingham 13 - Trenton 0 |
BOTTOM OF THE 8TH |
Trenton Stars batting - Pitching for Birmingham Barons : RHP César Morín
|
Batting: RHB Jonas Uttley
|
0-0: Ball 1-0: Foul Ball, location: 2F 1-1: Swinging Strike 1-2: Ground out 4-3 (Groundball, 4)
|
Batting: LHB Gabriel MacNeill
|
0-0: Called Strike 0-1: Called Strike 0-2: Ball 1-2: Strikes out swinging
|
Batting: SHB Nick Marshall
|
0-0: Ball 1-0: Ball 2-0: Foul Ball, location: 2F 2-1: Ball 3-1: Ground out 3-1 (Groundball, 34)
|
Bottom of the 8th over - 0 run(s), 0 hit(s), 0 error(s), 0 left on base; Birmingham 13 - Trenton 0 |
TOP OF THE 9TH |
Birmingham Barons batting - Pitching for Trenton Stars : RHP Denver Gallegos
|
Pitching: RHP Manuel Jimenen
|
|
Batting: RHB Dave Dawson
|
0-0: Ball 1-0: Ball 2-0: Ball 3-0: Base on Balls
|
Batting: RHB Juan Jiménez
|
0-0: Ball 1-0: Called Strike 1-1: Ball 2-1: Called Strike 2-2: Ball 3-2: Strikes out swinging
|
Batting: LHB Chris Miller
|
0-0: Swinging Strike 0-1: Ball 1-1: Called Strike 1-2: Ball 2-2: Foul Ball, location: 2F 2-2: Fly out, F5 (Popup, 56S)
|
Batting: LHB José Rivera
|
0-0: Ball 1-0: Ball 2-0: Called Strike 2-1: 2-RUN HOME RUN (Flyball, 8RXD), Distance : 430 ft
|
Batting: RHB Eric Johnson
|
0-0: Swinging Strike 0-1: Called Strike 0-2: Ball 1-2: Ball 2-2: SOLO HOME RUN (Flyball, 7D), Distance : 365 ft
|
Batting: LHB John Haney
|
0-0: Ball 1-0: Ground out 6-3 (Groundball, 6)
|
Top of the 9th over - 3 run(s), 2 hit(s), 0 error(s), 0 left on base; Birmingham 16 - Trenton 0 |
BOTTOM OF THE 9TH |
Trenton Stars batting - Pitching for Birmingham Barons : RHP César Morín
|
Batting: RHB Felipe Olivas
|
0-0: Ball 1-0: DOUBLE (Line Drive, 78M)
|
Batting: RHB Roberto Chávez
|
0-0: SINGLE (Groundball, 6MD) Felipe Olivas to third Runner from 3rd tries for Home, SAFE, throw made home Roberto Chávez to second
|
Batting: RHB Jesús Dávila
|
0-0: Called Strike 0-1: Ball 1-1: Ball 2-1: Ground out 6-3 (Groundball, 6) Roberto Chávez to third
|
Batting: RHB Chris Cole
|
0-0: Ball 1-0: Foul Ball, location: 2F 1-1: Ball 2-1: Ball 3-1: Swinging Strike 3-2: Base on Balls
|
Batting: LHB Ju-wei Shiu
|
0-0: Called Strike 0-1: Ball 1-1: Foul Ball, location: 2F 1-2: Ball 2-2: Strikes out swinging
|
Batting: LHB Jeff Gordon
|
0-0: 3-RUN HOME RUN (Flyball, 89XD), Distance : 410 ft
|
Batting: RHB Jonas Uttley
|
0-0: Called Strike 0-1: Foul Ball, location: 2F 0-2: Foul Ball, location: 2F 0-2: Strikes out swinging
|
Bottom of the 9th over - 4 run(s), 3 hit(s), 0 error(s), 0 left on base; Birmingham 16 - Trenton 4 |
|